 Dungeon Crawl Stone Soup version 0.30-a0-347-gf58ed5266c (webtiles) character file.

Game seed: 10529231002888484114

338 Pooter the Chopper (level 6, -2/56 HPs)
             Began as a Minotaur Monk on Nov 6, 2022.
             Killed by nerve-wracking pain
             ... invoked by Grinder
              (7 damage)
             ... on level 4 of the Dungeon.
             The game lasted 00:15:02 (2548 turns).

Pooter the Chopper (Minotaur Monk)                  Turns: 2548, Time: 00:15:02

Health: -2/56      AC: 10    Str: 18    XL:     6   Next: 29%
Magic:  0/5        EV: 10    Int:  7    God:
Gold:   184        SH:  0    Dex: 12    Spells: 5/5 levels left

rFire   x . .      SeeInvis .    j - +0 quarterstaff
rCold   + + .      Faith    .    (shield currently unavailable)
rNeg    . . .      Spirit   +    g - +0 ice dragon scales
rPois   .          Reflect  .    (helmet restricted)
rElec   .          Harm     .    (no cloak)
rCorr   .          Rampage  .    n - +0 pair of gloves
Will    .....                    (no boots)
Stlth   +.........               G - amulet of guardian spirit
HPRegen 0.29/turn                (no ring)
MPRegen 0.09/turn                (no ring)

@: no status effects
A: horns 2, retaliatory headbutt
a: no special abilities


You were on level 4 of the Dungeon.
You visited 1 branch of the dungeon, and saw 4 of its levels.

You collected 184 gold pieces.

Inventory:

Hand Weapons
 a - a +0 hand axe
 j - a +0 quarterstaff (weapon)
   (You found it on level 2 of the Dungeon)
Missiles
 h - 4 poisoned darts (quivered)
 s - 3 boomerangs
 Q - 18 stones
Armour
 g - +0 ice dragon scales (worn)
   (You found it on level 1 of the Dungeon)
 n - a +0 pair of gloves (worn)
   (You found it on level 3 of the Dungeon)
 u - a +0 chain mail of fire resistance
   (You found it on level 4 of the Dungeon)
Jewellery
 G - an amulet of guardian spirit (around neck)
   (You found it on level 2 of the Dungeon)
Scrolls
 e - a scroll of torment {!r}
 f - 2 scrolls of magic mapping
 l - a scroll of immolation {!r}
 o - 2 scrolls of enchant weapon {unknown}
 p - a scroll of fear {unknown}
 r - a scroll of brand weapon
 t - a scroll of amnesia {unknown}
 v - a scroll of summoning {unknown}
Potions
 b - a potion of lignification {unknown}
 c - 2 potions of ambrosia
 d - 2 potions of heal wounds {@q2}
 k - 2 potions of invisibility {unknown}
 m - a potion of attraction {!q}
 q - a potion of curing {unknown}
 w - a potion of flight {unknown}
 x - a potion of haste {unknown}


   Skills:
 + Level 5.3 Fighting
 * Level 6.6 Axes
 - Level 3.2 Dodging
 + Level 3.2 Stealth


You had 5 spell levels left.
You didn't know any spells.
Your spell library was empty.

Dungeon Overview and Level Annotations

Branches:
Dungeon (4/15)
 Temple: D:4-7

Altars:
Makhleb

Annotations:
D:4 Grinder


Innate Abilities, Weirdness & Mutations

You have a pair of horns on your head.
You reflexively headbutt those who attack you in melee.


Message History

i - a scroll of identify {@r1};
x - a grey potion
As you read the scroll of identify {@r1}, it crumbles to dust.
r - a scroll of brand weapon
Found 5 stones.
Q - 18 stones (gained 5)
An adder comes into view.
The adder hisses angrily.
The adder moves out of view.
You start waiting.
An adder is nearby!
You sock the adder!
You kill the adder!
An endoplasm comes into view.
Found a stone staircase leading down.
The endoplasm quivers.
You sock the endoplasm!
You kill the endoplasm!
Grinder comes into view.
Really read
e - 2 scrolls of torment {!r}?
Really read the scroll of torment?
You can't even see any enemies this would affect.
As you read the scroll of torment {!r}, it crumbles to dust.
Your body is wracked with pain!
Grinder barely misses you.
You sock Grinder! Grinder hits you but does no damage.
You hit Grinder but do no damage. Grinder hits you but does no damage.
You hit Grinder but do no damage. Grinder hits you but does no damage.
Grinder closely misses you.
You barely miss Grinder. Grinder completely misses you.
You hit Grinder. Grinder hits you!
* * * LOW HITPOINT WARNING * * *
You closely miss Grinder. Grinder hits you.
You closely miss Grinder. Grinder misses you. Grinder hits you.
* * * LOW HITPOINT WARNING * * *
You writhe in agony.
* * * LOW HITPOINT WARNING * * *
You closely miss Grinder. Grinder hits you but does no damage.
You sock Grinder! You headbutt Grinder. Grinder gestures at you.
Pain shoots through your body!
* * * LOW MAGIC WARNING * * *
* * * LOW HITPOINT WARNING * * *
Unknown command.
You barely miss Grinder. Grinder hits you.
* * * LOW HITPOINT WARNING * * *
You writhe in agony.
* * * LOW HITPOINT WARNING * * *
Grinder gestures at you. Pain shoots through your body!
* * * LOW MAGIC WARNING * * *
You die...

..##...........
.....#.................#
#..#...................#
..##...................#
..#...........##........
..............#.........
..##....................
..##.....# #..#...>.....
#..###..# ##...@.......
..##....####...##5.....#
..##.........### .......
###..###.#....# .......
.....##..##..### #......
...####........## ......
#### ##........# ......
#........# #.....
#....#...#


You could see Grinder.

Vanquished Creatures
  2 scorpions (D:4)
  A jelly (D:4)
  An orc priest (D:3)
  2 orc wizards (D:3)
  5 adders
  3 dart slugs
  4 orcs
  5 bats
  4 endoplasms
  4 giant cockroaches
  2 goblins
  4 hobgoblins
  6 jackals
  4 quokkas
  7 ball pythons
  A frilled lizard (D:2)
  3 kobolds
  3 rats
61 creatures vanquished.

Notes
Turn   | Place    | Note
-------+----------+-------------------------------------------
     0 | D:1      | Pooter the Minotaur Monk began the quest for the Orb.
     0 | D:1      | Reached XP level 1. HP: 19/19 MP: 0/0
    90 | D:1      | Reached skill level 4 in Axes
    90 | D:1      | Reached XP level 2. HP: 27/27 MP: 1/1
   807 | D:1      | Reached XP level 3. HP: 33/33 MP: 2/2
   901 | D:2      | Reached XP level 4. HP: 36/40 MP: 3/3
  1080 | D:2      | Reached skill level 5 in Axes
  1513 | D:3      | Found a burning altar of Makhleb.
  1725 | D:3      | Reached XP level 5. HP: 43/47 MP: 2/4
  2112 | D:4      | Reached skill level 5 in Fighting
  2112 | D:4      | Reached skill level 6 in Axes
  2280 | D:4      | Reached XP level 6. HP: 41/56 MP: 5/5
  2536 | D:4      | Noticed Grinder
  2548 | D:4      | Killed from afar by Grinder

Illustrated notes

Levels and vault maps discovered:
D:1:      amcnicky_arrival_feature_with_door, layout_loops_ring
D:2:      layout_rooms
D:3:      layout_loops_cross, bloody_makhleb
D:4:      layout_cave_pools, serial_shops, shop, kennysheep_generic_room_16,
          uniq_grinder

Skill      XL: |  1  2  3  4  5 |
---------------+----------------+-----
Axes           | 4 5 6 |  6.6
Stealth        | 2 3 |  3.2
Fighting       | 4 5 |  5.3
Dodging        | |  3.2

Action                   |  1- 3 |  4- 6 || total
-------------------------+-------+-------++-------
Melee: Hand axe          |    57 |     7 ||    64
       Headbutt          |    14 |    10 ||    24
       Quarterstaff      |       |   110 ||   110
Throw: Dart              |       |     5 ||     5
       Boomerang         |       |     4 ||     4
  Use: Scroll            |     2 |     6 ||     8
 Stab: Sleeping          |     4 |       ||     4
Armor: Robe              |     4 |       ||     4
       Ice dragon scales |    18 |   107 ||   125
Dodge: Dodged            |    36 |    65 ||   101

Table legend: (Time is in decaauts)
 A = Elapsed time spent in this place.
 B = Non-inter-level travel time spent in this place.
 C = Inter-level travel time spent in this place.
 D = Time resting spent in this place.
 E = Time spent auto-exploring this place.
 F = Levels seen in this place.
 G = Mean time per level.
                   A        B        C        D        E       F      G
               +--------+--------+--------+--------+--------+-----+--------+
         Total |   2590 |   2508 |     82 |    342 |   1595 |   4 |  647.5 |
       Dungeon |   2590 |   2508 |     82 |    342 |   1595 |   4 |  647.5 |
               +--------+--------+--------+--------+--------+-----+--------+

Top non-repeatable levels by time:
     D:3: 908 daAuts
     D:1: 750 daAuts
     D:2: 614 daAuts
     D:4: 317 daAuts
